 Dungeon Sprint DCSS version 0.21-a0-278-ga722497 (webtiles) character file.

7093 potatolord6000 the Severer (level 11, 0/110 HPs)
             Began as a Hill Orc Fighter on Sept 22, 2017.
             Was a High Priest of Beogh.
             Slain by a merfolk
             ... wielding a +0 trident
              (9 damage)
             ... in the Dungeon (Sprint VII: "The Pits").
             The game lasted 00:08:26 (1676 turns).

potatolord6000 the Severer (Hill Orc Fighter)       Turns: 1676, Time: 00:08:27

Health: 0/110      AC: 22    Str: 23    XL:     11   Next: 9%
Magic:  21/21      EV: 12    Int: 11    God:    Beogh [*****.]
Gold:   0          SH: 14    Dex: 18    Spells: 10/10 levels left

rFire    . . .     SeeInvis .   v - +2 war axe (freeze)
rCold    . . .     Gourm    .   c - +0 shield
rNeg     . . .     Faith    .   x - +3 plate armour
rPois    .         Spirit   .   (no helmet)
rElec    .         Reflect  .   w - +0 cloak
rCorr    .         Harm     .   (no gloves)
MR       .....     NoTele   +   a - +0 pair of boots
Stlth    ..........             (no amulet)
HPRegen  0.28/turn              d - +3 ring of dexterity
MPRegen  0.17/turn              h - +3 ring of intelligence

@: agile
A: walk on water
a: Smiting, Recall Orcish Followers, Give Item to Named Follower, Renounce
Religion


You were in the Dungeon.
You worshipped Beogh.
Beogh was extremely pleased with you.
You were full.

You visited 1 branch

Inventory:

Hand Weapons
 v - a +2 war axe of freezing (weapon)
Armour
 a - a +0 pair of boots (worn)
 c - a +0 shield (worn)
 w - a +0 cloak (worn)
 x - a +3 plate armour (worn)
Jewellery
 d - a +3 ring of dexterity (left hand)
 h - a +3 ring of intelligence (right hand)
Scrolls
 k - a scroll of blinking
 m - 3 scrolls of remove curse
 n - 5 scrolls of amnesia
 o - a scroll of summoning
Potions
 e - 3 potions of curing
 i - 3 potions of magic
 j - 3 potions of berserk rage
 l - 2 potions of invisibility
 s - a potion of agility
 t - 5 potions of brilliance
 u - a potion of resistance
Comestibles
 f - 6 bread rations
 p - 40 fruits
 q - 7 meat rations


   Skills:
 + Level 14.1 Fighting
 + Level 15.1 Axes
 + Level 13.1 Armour
 + Level 13.1 Shields
 + Level 14.6 Invocations


You had 10 spell levels left.
You didn't know any spells.

Dungeon Overview and Level Annotations

Branches:
Dungeon (1/1)

Altars:
Ashenzari
Cheibriados
Dithmenos
Elyvilon
Fedhas
Gozag
Hepliaklqana
Kikubaaqudgha
Makhleb
Nemelex Xobeh
Okawaru
Qazlal
Ru
Sif Muna
Trog
Uskayaw
Vehumet
Wu Jian
Xom
Yredelemnul
Zin
The Shining One
Beogh
Jiyva
Lugonu


Message History

Unknown command.
Unknown command.
Unknown command.
Unknown command.
Unknown command.
Unknown command.
Unknown command.
You slash the yak! You freeze the yak.
The yak is heavily wounded.
You slash the water elemental! You freeze the water elemental.
You destroy the water elemental!
Beogh accepts your kill.
Your orc looks more experienced.
You closely miss the sea snake.
You gasp with relief as air once again reaches your lungs.
Your orc knight hits the merfolk with a +1 hand axe.
Your orc knight closely misses the sea snake.
You block the yak's attack.
Your orc hits the sea snake.
The merfolk hits you from afar with a trident!
You die...

## ######### ### ####
#...+....###.. ...##
#)..# #...#... ....#
'...+.##.....#### ...# ##
##'##..##...##..##..##..#
#.†.##..+...#..oom..... .
.....#..#..)#)..S#mg#....
.....+..+...'†(o@E..m....
.....#..#...#†.EY#t.#....
#...##..+..÷#.......... .
##'##..##.).##..##..##..#
+...).##.....#### ...# ##
#...###..)#...# ....#
#...'....###...# ...##
########## #### ####


You could see a sea snake, a merfolk aquamancer, a snapping turtle, 2 merfolk, 2
water elementals, a yak, a goblin, a friendly orc knight, a friendly orc priest
and a friendly orc.

Vanquished Creatures
  A phantasmal warrior (D)
  An orc knight (D)
  A large abomination (D)
  A black mamba (D)
  A gargoyle (D)
  An ice devil (D)
  A jumping spider (D)
  2 blink frogs (D)
  A flying skull (D)
  2 redbacks (D)
  A shadow (D)
  A water elemental (D)
  A wyvern (D)
  3 yaks (D)
  A hungry ghost (D)
  2 vampire mosquitoes (D)
  A warg (D)
  3 floating eyes (D)
  2 black bears (D)
  An ice beast (D)
  2 centaurs (D)
  A necrophage (D)
  Blork the orc (D)
  A bullfrog (D)
  A scorpion (D)
  3 jellies (D)
  A quasit (D)
  2 orc priests (D)
  An orc wizard (D)
  An adder skeleton (D)
  An orc (D)
  A bat skeleton (D)
  A giant cockroach (D)
  A goblin (D)
  A quokka (D)
  4 ball pythons (D)
  A bat (D)
52 creatures vanquished.

Vanquished Creatures (collateral kills)
  A flayed ghost (D)
  An orc sorcerer (D)
  A smoke demon (D)
  A gargoyle (D)
  A jumping spider (D)
  2 blink frogs (D)
  A fire elemental (D)
  An iron imp (D)
  2 orc priests (D)
  A hell rat (D)
  A mummy (D)
  A worm (D)
14 creatures vanquished.

Vanquished Creatures (others)
  An orc sorcerer (D)
  An orc wizard (D)
  4 orcs (D)
6 creatures vanquished.

Grand Total: 72 creatures vanquished

Notes
Turn   | Place    | Note
-------+----------+-------------------------------------------
     0 | D        | potatolord6000 the Hill Orc Fighter began the quest for the Orb.
     0 | D        | Reached XP level 1. HP: 19/19 MP: 1/1
    15 | D        | Reached skill level 3 in Axes
    43 | D        | Found a bloodstained altar of Trog.
    43 | D        | Found a deep blue altar of Sif Muna.
    43 | D        | Found a viscous altar of Jiyva.
    43 | D        | Found a hazy altar of Hepliaklqana.
    43 | D        | Found an opulent altar of Gozag.
    44 | D        | Found a glowing golden altar of the Shining One.
    44 | D        | Found a glowing silver altar of Zin.
    44 | D        | Found a basalt altar of Yredelemnul.
    44 | D        | Found a shimmering altar of Xom.
    44 | D        | Found an ornate altar of the Wu Jian Council.
    44 | D        | Found a sacrificial altar of Ru.
    44 | D        | Found a stormy altar of Qazlal.
    44 | D        | Found an iron altar of Okawaru.
    44 | D        | Found a sparkling altar of Nemelex Xobeh.
    44 | D        | Found a burning altar of Makhleb.
    44 | D        | Found a blossoming altar of Fedhas.
    44 | D        | Found a white marble altar of Elyvilon.
    44 | D        | Found a shadowy altar of Dithmenos.
    44 | D        | Found a snail-covered altar of Cheibriados.
    46 | D        | Found a radiant altar of Vehumet.
    46 | D        | Found a corrupted altar of Lugonu.
    46 | D        | Found a roughly hewn altar of Beogh.
    48 | D        | Found an ancient bone altar of Kikubaaqudgha.
    48 | D        | Found a hide-covered altar of Uskayaw.
    48 | D        | Found a shattered altar of Ashenzari.
    56 | D        | Became a worshipper of Beogh the Brigand
   182 | D        | Noticed a floating eye
   183 | D        | Reached * piety under Beogh
   183 | D        | Reached skill level 1 in Invocations
   185 | D        | Killed a floating eye
   185 | D        | Reached skill level 6 in Axes
   185 | D        | Reached skill level 5 in Armour
   185 | D        | Reached skill level 5 in Shields
   185 | D        | Reached XP level 2. HP: 30/30 MP: 1/5
   185 | D        | Reached XP level 3. HP: 37/37 MP: 1/6
   185 | D        | Reached XP level 4. HP: 44/44 MP: 1/7
   246 | D        | Noticed a floating eye
   248 | D        | Paralysed by a floating eye for 2 turns
   250 | D        | Killed a floating eye
   250 | D        | Reached skill level 7 in Axes
   250 | D        | Reached XP level 5. HP: 52/52 MP: 7/9
   251 | D        | Reached ** piety under Beogh
   327 | D        | Noticed a flying skull
   327 | D        | Noticed a necrophage
   328 | D        | Noticed a black bear
   328 | D        | Noticed a hungry ghost
   330 | D        | Reached XP level 6. HP: 42/60 MP: 9/11
   337 | D        | Reached *** piety under Beogh
   351 | D        | Killed a flying skull
   351 | D        | Reached skill level 9 in Axes
   355 | D        | Killed a black bear
   355 | D        | Reached XP level 7. HP: 33/69 MP: 11/13
   370 | D        | Killed a hungry ghost
   374 | D        | Reached **** piety under Beogh
   374 | D        | Reached skill level 10 in Axes
   562 | D        | Noticed a warg
   575 | D        | Killed a warg
   661 | D        | Noticed an orc knight
   673 | D        | Killed an orc knight
   673 | D        | Reached skill level 10 in Fighting
   673 | D        | Reached skill level 11 in Axes
   673 | D        | Reached skill level 10 in Invocations
   673 | D        | Reached XP level 8. HP: 72/80 MP: 8/15
   678 | D        | Noticed Blork the orc
   691 | D        | Killed Blork the orc
   691 | D        | Reached ***** piety under Beogh
   691 | D        | Reached skill level 10 in Armour
   700 | D        | Noticed a blink frog
   700 | D        | Noticed a blink frog
   700 | D        | Noticed a blink frog
   700 | D        | Noticed a blink frog
   703 | D        | Reached skill level 10 in Shields
   705 | D        | Killed a blink frog
   705 | D        | Reached XP level 9. HP: 78/89 MP: 4/17
   709 | D        | Reached skill level 12 in Axes
   797 | D        | Noticed a jumping spider
   801 | D        | Killed a jumping spider
   804 | D        | Reached ****** piety under Beogh
  1083 | D        | Noticed a gargoyle
  1086 | D        | Paralysed by a floating eye for 4 turns
  1094 | D        | Killed a gargoyle
  1094 | D        | Reached skill level 13 in Axes
  1240 | D        | Reached XP level 10. HP: 99/99 MP: 19/19
  1244 | D        | Noticed a flayed ghost
  1244 | D        | Noticed a gargoyle
  1249 | D        | Killed a gargoyle
  1253 | D        | Killed a flayed ghost
  1331 | D        | Noticed a large abomination
  1336 | D        | Noticed an orc sorcerer
  1338 | D        | Killed a large abomination
  1340 | D        | Reached skill level 14 in Axes
  1342 | D        | Paralysed by an orc sorcerer for 3 turns
  1347 | D        | Killed an orc sorcerer
  1348 | D        | Noticed a smoke demon
  1351 | D        | Killed a smoke demon
  1352 | D        | Gained Orkrul as an ally
  1360 | D        | Noticed a phantasmal warrior
  1366 | D        | Killed a phantasmal warrior
  1627 | D        | Noticed a black mamba
  1642 | D        | Killed a black mamba
  1644 | D        | Reached XP level 11. HP: 70/108 MP: 21/21
  1645 | D        | Reached skill level 15 in Axes
  1664 | D        | Noticed a sea snake
  1672 | D        | Noticed a merfolk aquamancer
  1672 | D        | Your ally Orkrul died
  1676 | D        | Slain by a merfolk

Vault maps used:
D:        pitsprint

Skill      XL: |  1  2  3  4  5  6  7  8  9 10 11 |
---------------+----------------------------------+-----
Axes           | 6 7 9 11 13 14 15 | 15.1
Invocations    | 4 6 8 10 11 12 14 | 14.6
Fighting       | 6 7 8 10 11 12 13 14 | 14.1
Armour         | 5 6 8 9 10 11 12 13 | 13.1
Shields        | 5 6 8 9 10 11 12 13 | 13.1

Action                   |  1- 3 |  4- 6 |  7- 9 | 10-12 || total
-------------------------+-------+-------+-------+-------++-------
Melee: War axe           |    11 |    35 |    88 |    46 ||   180
Invok: Smiting           |       |       |     9 |     2 ||    11
       Resurrection      |       |       |     1 |     3 ||     4
  Use: Potion            |       |     1 |     9 |     4 ||    14
  Eat: Bread ration      |       |       |     2 |       ||     2
       Chunk             |       |       |     2 |       ||     2
Armor: Scale mail        |     4 |     5 |       |       ||     9
       Chain mail        |       |    16 |    23 |       ||    39
       Plate armour      |       |       |    12 |    50 ||    62
Dodge: Dodged            |     5 |    12 |    17 |    12 ||    46
Block: Shield            |     5 |    28 |    50 |    67 ||   150

Table legend:
 A = Spawn XP
 B = Non-spawn XP
 C = Spawn XP percentage of total XP
 D = Spawn monster count
 E = Non-spawn monster count
 F = Spawn count percentage of total count
 G = Total turns spent on level
                    A         B        C        D         E        F      G
               +---------+---------+-------+---------+---------+-------+---------
         Total |       0 |   10133 |   0.0 |       0 |      67 |   0.0 |  1676
               +---------+---------+-------+---------+---------+-------+---------
             D |       0 |   10133 |   0.0 |       0 |      67 |   0.0 |  1676
               +---------+---------+-------+---------+---------+-------+---------
